[Event "fics rated crazyhouse match"]
[Site "fics, Oklahoma City, OK USA"]
[Date "2001.02.03"]
[White "spurs"]
[WhiteElo "2320"]
[Black "JiggaB"]
[BlackElo "2305"]
[TimeControl "60+0"]
[Result "0-1"]

1. d4 e6 2. Nf3 Nc6 3. Nc3 Be7 4. Bf4 Nf6 5. e3 a6 6. Bd3 
d5 7. O-O Bd7 8. Ne5 O-O 9. Nxc6 bxc6 10. Be5 N@b4 11. Bxf6 Bxf6 
12. N@g4 Nxd3 13. cxd3 B@f5 14. Nxf6+ Qxf6 15. B@e5 Qg6 16. N@e7+ Kh8 17. Nxg6+ 
fxg6 18. N@g5 B@f6 19. Nf3 Bxe5 20. dxe5 B@h5 21. e4 dxe4 22. dxe4 Bxf3 
23. Qxf3 Bxe4 24. P@f6 Bxf3 25. fxg7+ Kg8 26. B@f6 N@h3+ 27. Kh1 Q@g1# 
{spurs resigns} 0-1

[Event "fics rated crazyhouse match"]
[Site "fics, Oklahoma City, OK USA"]
[Date "2001.02.03"]
[White "JiggaB"]
[WhiteElo "2313"]
[Black "spurs"]
[BlackElo "2312"]
[TimeControl "60+0"]
[Result "1-0"]

1. d4 e6 2. Nf3 d5 3. Nc3 Nf6 4. e3 Bb4 5. Bd3 Ne4 6. Bxe4 
dxe4 7. Ne5 Bxc3+ 8. bxc3 B@f6 9. Ba3 Nc6 10. Nxc6 bxc6 11. N@h5 N@h4 
12. Rg1 N@f3+ 13. gxf3 Nxf3+ 14. Qxf3 exf3 15. B@d3 P@e4 16. Nxf6+ Qxf6 17. N@h5 
Qh6 18. Nxg7+ Kd8 19. P@e7+ Kd7 20. N@e5# 
{spurs checkmated} 1-0

[Event "fics rated crazyhouse match"]
[Site "fics, Oklahoma City, OK USA"]
[Date "2001.02.03"]
[White "spurs"]
[WhiteElo "2304"]
[Black "JiggaB"]
[BlackElo "2321"]
[TimeControl "60+0"]
[Result "1-0"]

1. d4 e6 2. Nf3 Nc6 3. Nc3 Be7 4. Bf4 Nf6 5. e3 a6 6. Bd3 
d5 7. Ne5 Bd7 8. Nxc6 bxc6 9. Be5 N@b4 10. Bxf6 Bxf6 11. N@h5 Nxd3+ 
12. cxd3 B@b4 13. Nxf6+ gxf6 14. N@g7+ Ke7 15. B@e5 fxe5 16. dxe5 B@h6 17. P@f6+ 
Kf8 18. Qh5 B@g6 19. Qxh6 Kg8 20. Nxe6 N@f5 21. Nxd8 Bf8 22. N@e7+ Bxe7 
23. Q@g7+ Nxg7 24. Qxg7# 
{JiggaB checkmated} 1-0

[Event "fics rated crazyhouse match"]
[Site "fics, Oklahoma City, OK USA"]
[Date "2001.02.03"]
[White "JiggaB"]
[WhiteElo "2313"]
[Black "spurs"]
[BlackElo "2312"]
[TimeControl "60+0"]
[Result "1-0"]

1. d4 e6 2. Nf3 d5 3. Nc3 Bb4 4. e3 Nf6 5. Bd3 Ne4 6. Bxe4 
dxe4 7. Ne5 Bxc3+ 8. bxc3 B@f6 9. Ba3 Bxe5 10. dxe5 N@d3+ 11. cxd3 exd3 
12. B@b5+ Bd7 13. Bxd3 Bc6 14. P@e7 Qd7 15. N@f6+ gxf6 16. N@g7# 
{spurs checkmated} 1-0

[Event "fics rated crazyhouse match"]
[Site "fics, Oklahoma City, OK USA"]
[Date "2001.02.03"]
[White "spurs"]
[WhiteElo "2304"]
[Black "JiggaB"]
[BlackElo "2321"]
[TimeControl "60+0"]
[Result "0-1"]

1. d4 d5 2. Nf3 Nf6 3. Nc3 Nc6 4. Bg5 e6 5. e3 a6 6. Bb5 
axb5 7. Nxb5 Be7 8. Ne5 Nxe5 9. dxe5 Ne4 10. Bxe7 Qxe7 11. P@c6 bxc6 
12. B@d6 cxd6 13. N@c7+ Kf8 14. exd6 B@b4+ 15. c3 Bxd6 16. Nxd6 Nxd6 17. Nxa8 
B@a6 18. B@c5 P@e2 19. Qc2 N@e4 20. Bxd6 Qxd6 21. P@d3 P@d2+ 22. Kxe2 N@c1+ 
23. Rhxc1 dxc1=N+ 24. Rxc1 B@h5+ 25. P@f3 R@d2+ 26. Qxd2 Nxd2 27. Kxd2 Bxd3 28. N@d4 
B@a7 29. P@e5 Bxd4 30. exd6 Q@e2# 
{spurs checkmated} 0-1

[Event "fics rated crazyhouse match"]
[Site "fics, Oklahoma City, OK USA"]
[Date "2001.02.03"]
[White "JiggaB"]
[WhiteElo "2329"]
[Black "spurs"]
[BlackElo "2296"]
[TimeControl "60+0"]
[Result "0-1"]

1. d4 e6 2. Nf3 d5 3. Nc3 Nf6 4. Bg5 Be7 5. Ne5 Ne4 6. Nxe4 
dxe4 7. Nxf7 Kxf7 8. N@e5+ Ke8 9. Bxe7 Qxe7 10. e3 B@f6 11. B@g3 N@g5 
12. P@f7+ Kf8 13. h4 Bxe5 14. dxe5 N@f3+ 15. gxf3 Nxf3+ 16. Qxf3 exf3 17. B@c3 
N@e4 18. Rd1 Nd7 19. N@f4 P@g2 20. N@g6+ hxg6 21. Nxg6+ Kxf7 22. Nxe7 gxf1=Q+ 
23. Kxf1 P@g2+ 24. Ke1 Q@e2# 
{JiggaB checkmated} 0-1

[Event "fics rated crazyhouse match"]
[Site "fics, Oklahoma City, OK USA"]
[Date "2001.02.03"]
[White "spurs"]
[WhiteElo "2305"]
[Black "JiggaB"]
[BlackElo "2320"]
[TimeControl "60+0"]
[Result "0-1"]

1. d4 e6 2. Nf3 Nc6 3. Nc3 Be7 4. Bf4 Nf6 5. e3 a6 6. Bd3 
d5 7. Ne5 Bd7 8. Nxc6 bxc6 9. Be5 N@b4 10. O-O Nxd3 11. cxd3 B@g6 
12. Bxf6 Bxf6 13. N@g4 B@e7 14. Nxf6+ Bxf6 15. B@e5 Bxe5 16. dxe5 h5 17. e4 
dxe4 18. Nxe4 h4 19. N@f6+ gxf6 20. Nxf6+ Kf8 21. Nxd7+ Qxd7 22. P@g7+ Kxg7 
23. B@f6+ Kg8 24. N@e7+ Kh7 25. P@h5 Bxd3 26. Qxd3+ Qxd3 27. B@g6+ fxg6 28. hxg6+ 
Kh6 29. B@g5+ Kh5 30. f3 B@a7+ 31. P@e3 N@e2+ 32. Kf2 P@g3+ 33. hxg3 hxg3+ 
34. Ke1 N@c2# 
{spurs checkmated} 0-1

[Event "fics rated crazyhouse match"]
[Site "fics, Oklahoma City, OK USA"]
[Date "2001.02.03"]
[White "JiggaB"]
[WhiteElo "2328"]
[Black "spurs"]
[BlackElo "2297"]
[TimeControl "60+0"]
[Result "1-0"]

1. e4 e5 2. Nc3 d6 3. Nf3 Nf6 4. Bc4 Be7 5. d4 exd4 6. Nxd4 
O-O 7. P@h6 Re8 8. hxg7 d5 9. Nxd5 Nxd5 10. Bxd5 Bb4+ 11. c3 Qxd5 
12. N@f6+ Kxg7 13. Nxd5 Rxe4+ 14. P@e3 B@e7 15. cxb4 Nc6 16. Nxc6 bxc6 17. N@h5+ 
Kf8 18. P@g7+ Ke8 19. g8=Q+ N@f8 20. Ng7+ Kd7 21. Nf6# 
{spurs checkmated} 1-0

[Event "fics rated crazyhouse match"]
[Site "fics, Oklahoma City, OK USA"]
[Date "2001.02.03"]
[White "spurs"]
[WhiteElo "2290"]
[Black "JiggaB"]
[BlackElo "2335"]
[TimeControl "60+0"]
[Result "1-0"]

1. d4 d5 2. Nf3 e6 3. Nc3 Be7 4. Bf4 Nc6 5. e3 a6 6. Bd3 
Nf6 7. Ne5 Bd7 8. Nxc6 bxc6 9. O-O N@b4 10. Be5 Nxd3 11. cxd3 B@g6 
12. N@f4 O-O 13. e4 dxe4 14. Bxf6 Bxf6 15. dxe4 e5 16. dxe5 Bxe5 17. Nxg6 
fxg6 18. B@b3+ B@e6 19. Bxe6+ Bxe6 20. Qxd8 Raxd8 21. P@e7 Bxh2+ 22. Kh1 P@h3 
23. exf8=Q+ Rxf8 24. N@e7+ Kh8 25. Nxg6+ hxg6 26. R@h4+ P@h5 27. Rxh5+ gxh5 28. N@g6+ 
Kg8 29. Q@h8+ Kf7 30. Qxf8+ Kxg6 31. B@f5+ Kg5 32. R@g6+ Kf4 33. Ne2+ Ke5 
34. P@d4# 
{JiggaB checkmated} 1-0

[Event "fics rated crazyhouse match"]
[Site "fics, Oklahoma City, OK USA"]
[Date "2001.02.03"]
[White "JiggaB"]
[WhiteElo "2326"]
[Black "spurs"]
[BlackElo "2299"]
[TimeControl "60+0"]
[Result "1-0"]

1. d4 e6 2. Nf3 d5 3. Nc3 Bb4 4. Bd2 Nf6 5. e3 Bxc3 6. bxc3 
Nc6 7. Bd3 N@e4 8. Bxe4 Nxe4 9. Ne5 Nxe5 10. dxe5 N@h4 11. Rg1 Qg5 
12. B@g3 Nxg3 13. fxg3 Nf5 14. N@h3 Qh6 15. N@g4 Qg6 16. N@f4 B@e7 17. Nxg6 
hxg6 18. e4 dxe4 19. Bg5 P@d3 20. Bxe7 Nxe7 21. B@b5+ B@d7 22. Bxd7+ Bxd7 
23. cxd3 Rxh3 24. gxh3 N@f3+ 25. Qxf3 exf3 26. Q@d2 Q@e2+ 27. Qxe2 fxe2 28. Q@f2 
N@c2+ 29. Kd2 Na3 30. R@b2 B@a5 31. P@b4 Bb6 32. B@e3 Q@d5 33. Bxb6 Nc4+ 
34. Kc2 Nxb2 35. N@f6+ gxf6 36. Nxf6+ Kd8 37. Nxd5 N@a3+ 38. Kxb2 exd5 39. Bxc7+ 
Ke8 40. Q@h8+ N@f8 41. N@d6# 
{spurs checkmated} 1-0

[Event "fics rated crazyhouse match"]
[Site "fics, Oklahoma City, OK USA"]
[Date "2001.02.03"]
[White "spurs"]
[WhiteElo "2292"]
[Black "JiggaB"]
[BlackElo "2333"]
[TimeControl "60+0"]
[Result "0-1"]

1. d4 d5 2. Nf3 Nc6 3. Nc3 e6 4. Bg5 Be7 5. Bxe7 Qxe7 6. e3 
a6 7. Bb5 axb5 8. Nxb5 B@a5+ 9. Nc3 Bxc3+ 10. bxc3 N@e4 11. P@d2 Ngf6 
12. O-O O-O 13. B@e5 B@d6 14. Bxf6 gxf6 15. N@h6+ Kh8 16. Ng4 e5 17. dxe5 
Bxg4 18. exd6 cxd6 19. B@e2 P@g7 20. Nd4 Bxe2 21. Qxe2 Nxd4 22. cxd4 B@a6 
23. d3 N@c3 24. Qg4 B@d7 25. P@f5 N@h6 26. Qxg7+ Kxg7 27. N@h5+ Kg8 28. dxe4 
dxe4 29. P@d2 Bxf1 30. dxc3 R@h1+ 31. Kxh1 Bxg2+ 32. Kxg2 P@f3+ 33. Kg3 Q@g2+ 
34. Kf4 P@g5# 
{spurs checkmated} 0-1

[Event "fics rated crazyhouse match"]
[Site "fics, Oklahoma City, OK USA"]
[Date "2001.02.03"]
[White "JiggaB"]
[WhiteElo "2340"]
[Black "spurs"]
[BlackElo "2285"]
[TimeControl "60+0"]
[Result "1-0"]

1. d4 e6 2. Nf3 d5 3. Nc3 Nf6 4. Bg5 Bb4 5. e3 Nbd7 6. Bd3 
h6 7. Bh4 b6 8. Ne5 Bb7 9. f4 Qe7 10. O-O O-O 11. a3 Bxc3 
12. bxc3 N@e4 13. Bxe4 dxe4 14. Nxd7 Qxd7 15. Bxf6 gxf6 16. N@h5 B@h8 17. Qg4+ 
B@g6 18. N@h4 Kh7 19. Nxg6 fxg6 20. Ng3 f5 21. Qh4 Bf6 22. B@g5 Bxg5 
23. fxg5 B@g7 24. B@f6 N@g8 25. Bxg7 Qxg7 26. gxh6 Nxh6 27. N@g5+ Kh8 28. B@e5 
P@f6 29. Qxh6+ Qxh6 30. N@f7+ Rxf7 31. Nxf7+ Kh7 32. Nxh6 B@f3 33. R@f7+ N@g7 
34. Rxg7+ Kxg7 35. Bxf6+ Kxh6 36. B@g5+ Kh7 37. Q@h6+ Kg8 38. Qg7# 
{spurs checkmated} 1-0

[Event "fics rated crazyhouse match"]
[Site "fics, Oklahoma City, OK USA"]
[Date "2001.02.03"]
[White "JiggaB"]
[WhiteElo "2337"]
[Black "spurs"]
[BlackElo "2288"]
[TimeControl "60+0"]
[Result "1-0"]

1. e4 e6 2. Nc3 d5 3. d4 Bb4 4. exd5 exd5 5. Nf3 Qe7+ 6. Qe2 
Bg4 7. Qxe7+ Nxe7 8. Be2 P@e4 9. Ne5 Bxe2 10. Kxe2 Bxc3 11. bxc3 B@a6+ 
12. P@d3 exd3+ 13. cxd3 Q@e4+ 14. Q@e3 N@f4+ 15. Kd1 Bxd3 16. B@a4+ P@c6 17. Nxd3 
Qxd3+ 18. Qxd3 Nxd3 19. Q@d2 Nxc1 20. Rxc1 N@e4 21. Qe3 B@a6 22. P@d3 P@d2 
23. Rb1 Nxc3+ 24. Kxd2 Nxb1+ 25. Rxb1 P@e4 26. B@f1 Q@b4+ 27. N@c3 Qxb1 28. Nxb1 
R@b2+ 29. B@c2 Rxb1 30. Bxb1 N@e6 31. N@h5 Rg8 32. P@f6 Nf5 33. fxg7 Nxe3 
34. Nf6+ Ke7 35. Nxg8+ Kd8 36. Q@e7+ Kc8 37. R@e8+ R@d8 38. Rxd8+ Nxd8 39. Qxd8+ 
Kxd8 40. P@e7+ Kd7 41. R@d8+ Ke6 42. e8=Q+ Kf5 43. R@h5+ Kg4 44. Rh4+ Kxh4 
45. Qe5 R@d1+ 46. Kc3 R@c2+ 47. Kb4 
{spurs forfeits on time} 1-0

[Event "fics rated crazyhouse match"]
[Site "fics, Oklahoma City, OK USA"]
[Date "2001.02.03"]
[White "spurs"]
[WhiteElo "2281"]
[Black "JiggaB"]
[BlackElo "2344"]
[TimeControl "60+0"]
[Result "1-0"]

1. d4 e6 2. Nf3 Nc6 3. Nc3 Be7 4. Bf4 Nf6 5. e3 a6 6. Bd3 
d5 7. Ne5 Bd7 8. Nxd7 Nxd7 9. B@e5 f6 10. Bxc7 Qxc7 11. Bxc7 O-O 
12. P@d6 Bd8 13. Bxd8 Raxd8 14. Bxh7+ Kh8 15. Qh5 B@h6 16. Bg6 B@g8 17. P@f7 
Rxf7 18. Bxf7 P@h7 19. Bxg8 Rxg8 20. R@f7 B@g6 21. Qxh6 gxh6 22. Rxd7 N@h4 
23. B@f1 Nb4 24. B@b3 Q@e8 25. Re7 Qxe7 26. dxe7 Nxc2+ 27. Bxc2 R@g7 28. Q@f8 
Rxf8 29. exf8=Q+ Q@g8 30. Qxg8+ Rxg8 31. R@e7 P@f7 32. Bxg6 hxg6 33. Rxf7 P@d2+ 
34. Kxd2 B@g7 35. N@f8 Nf5 36. Q@h7# 
{JiggaB checkmated} 1-0

[Event "fics rated crazyhouse match"]
[Site "fics, Oklahoma City, OK USA"]
[Date "2001.02.03"]
[White "JiggaB"]
[WhiteElo "2335"]
[Black "spurs"]
[BlackElo "2290"]
[TimeControl "60+0"]
[Result "0-1"]

1. e4 e6 2. Nc3 d5 3. d4 Bb4 4. exd5 exd5 5. Bb5+ Bd7 6. Qe2+ 
Qe7 7. Bxd7+ Nxd7 8. Qxe7+ Nxe7 9. Bd2 Bxc3 10. bxc3 N@h4 11. B@h3 B@a6 
12. Bxd7+ Kf8 13. B@h3 Q@f1# 
{JiggaB checkmated} 0-1

[Event "fics rated crazyhouse match"]
[Site "fics, Oklahoma City, OK USA"]
[Date "2001.02.03"]
[White "spurs"]
[WhiteElo "2299"]
[Black "JiggaB"]
[BlackElo "2326"]
[TimeControl "60+0"]
[Result "1-0"]

1. d4 e6 2. Nf3 Nc6 3. Nc3 Be7 4. Bf4 Nf6 5. e3 a6 6. Bd3 
d5 7. Ne5 Bd7 8. Nxd7 Qxd7 9. B@e5 Rc8 10. Bxf6 Bxf6 11. N@h5 B@e7 
12. Qg4 N@b4 13. Nxg7+ Bxg7 14. Qxg7 Nxd3+ 15. cxd3 B@f6 16. Qxh8+ Bxh8 17. R@g8+ 
Q@f8 18. Rxf8+ Bxf8 19. O-O R@g8 20. P@g3 Be7 21. N@h6 Bef6 22. Nxg8 Bhg7 
23. B@h6 Bxh6 24. Bxh6 B@e7 25. Nxf6+ Bxf6 26. Q@f8# 
{JiggaB checkmated} 1-0

[Event "fics rated crazyhouse match"]
[Site "fics, Oklahoma City, OK USA"]
[Date "2001.02.03"]
[White "JiggaB"]
[WhiteElo "2317"]
[Black "spurs"]
[BlackElo "2308"]
[TimeControl "60+0"]
[Result "1-0"]

1. e4 e6 2. d4 d5 3. e5 Ne7 4. Be3 Nf5 5. Bd3 Be7 6. Nc3 
Nxe3 7. fxe3 Bb4 8. Ne2 Qh4+ 9. N@g3 B@h3 10. gxh3 Bxc3+ 11. bxc3 N@f3+ 
12. Kf2 Ng5 13. B@g2 Nxh3+ 14. Bxh3 Qxh3 15. B@g2 Qh6 16. N@g4 Qg5 17. h3 
B@h4 18. Qf1 P@e4 19. Bb5+ Bd7 20. Bxd7+ Nxd7 21. B@f4 Bxg3+ 22. Nxg3 Qe7 
23. B@g5 f6 24. exf6 gxf6 25. Nxf6+ Nxf6 26. Bxf6 Qxf6 27. Nh5 B@h4+ 28. P@g3 
Qxf4+ 29. exf4 B@e3+ 30. Kxe3 N@f5+ 31. Ke2 B@a6+ 32. P@d3 exd3+ 33. cxd3 Bxd3+ 
34. Kxd3 P@e4+ 35. Kc2 P@d3+ 36. Kb3 P@c4+ 37. Kb2 N@a4+ 38. Ka3 O-O-O 39. P@d7+ 
Kxd7 40. B@b5+ P@c6 41. Bxa4 b5 42. Q@f7+ Ne7 43. N@c5+ Kc8 44. B@b7+ Kb8 
45. N@a6# 
{spurs checkmated} 1-0

[Event "fics rated crazyhouse match"]
[Site "fics, Oklahoma City, OK USA"]
[Date "2001.02.03"]
[White "tantheman"]
[WhiteElo "2285"]
[Black "JiggaB"]
[BlackElo "2325"]
[TimeControl "60+0"]
[Result "1-0"]

1. e4 e6 2. Nc3 Nc6 3. Nf3 Nf6 4. e5 Nd5 5. d4 d6 6. Bd3 
dxe5 7. dxe5 Nxc3 8. bxc3 N@c5 9. Bg5 Nxd3+ 10. cxd3 B@e7 11. Bxe7 Bxe7 
12. N@h5 Rg8 13. B@b5 Bd7 14. P@h6 B@f8 15. hxg7 Bxg7 16. Nxg7+ Rxg7 17. B@h6 
Rg8 18. N@g7+ Rxg7 19. Bxg7 Qb8 20. R@g8+ N@f8 21. Bxf8 Bxf8 22. N@g7+ Ke7 
23. P@f6+ Kd8 24. Rxf8+ B@e8 25. Bxc6 bxc6 26. Nxe8 Bxe8 27. B@e7+ Kd7 28. N@c5+ 
Kc8 29. Rxe8+ B@d8 30. B@d7# 
{JiggaB checkmated} 1-0

[Event "fics rated crazyhouse match"]
[Site "fics, Oklahoma City, OK USA"]
[Date "2001.02.03"]
[White "JiggaB"]
[WhiteElo "2316"]
[Black "tantheman"]
[BlackElo "2294"]
[TimeControl "60+0"]
[Result "1-0"]

1. e4 e6 2. Nc3 b6 3. d4 Bb7 4. Be3 Nf6 5. Bd3 Bb4 6. f3 
Nc6 7. Ne2 d5 8. e5 Nd7 9. O-O f6 10. exf6 Nxf6 11. P@g6 hxg6 
12. Bxg6+ P@f7 13. Bxf7+ Kxf7 14. Bg5 P@h3 15. Bxf6 gxf6 16. Nf4 B@e3+ 17. P@f2 
Bxf4 18. P@g3 hxg2 19. gxf4 gxf1=Q+ 20. Qxf1 P@h3 21. P@g6+ Kxg6 22. B@d3+ P@f5 
23. N@e3 B@g2 24. Nxg2 hxg2 25. Qxg2+ Kf7 26. P@g6+ Ke7 27. Nxd5+ exd5 28. c3 
Bd6 29. Re1+ N@e4 30. fxe4 fxe4 31. P@e5 N@h3+ 32. Qxh3 Rxh3 33. N@f5+ Kd7 
34. e6+ Kxe6 35. N@g7+ Kd7 36. B@e6# 
{tantheman checkmated} 1-0

[Event "fics rated crazyhouse match"]
[Site "fics, Oklahoma City, OK USA"]
[Date "2001.02.03"]
[White "tantheman"]
[WhiteElo "2287"]
[Black "JiggaB"]
[BlackElo "2323"]
[TimeControl "60+0"]
[Result "1-0"]

1. e3 d5 2. b3 e6 3. Bb2 Nc6 4. Nf3 Nf6 5. d4 Be7 6. Bd3 
O-O 7. O-O b6 8. c4 dxc4 9. bxc4 Nb4 10. P@e5 Nxd3 11. Qxd3 P@e4 
12. exf6 exd3 13. fxe7 Qxe7 14. Nc3 P@e2 15. Rfe1 Bb7 16. d5 exd5 17. N@f5 
Qf6 18. Nxd5 Bxd5 19. Bxf6 
{JiggaB resigns} 1-0

[Event "fics rated crazyhouse match"]
[Site "fics, Oklahoma City, OK USA"]
[Date "2001.02.03"]
[White "JiggaB"]
[WhiteElo "2314"]
[Black "tantheman"]
[BlackElo "2296"]
[TimeControl "60+0"]
[Result "1-0"]

1. d4 e6 2. Nf3 Nc6 3. Nc3 Nf6 4. e4 Bb4 5. Bd3 d5 6. e5 
Ne4 7. Bd2 Nxf2 8. Kxf2 Nxd4 9. Rf1 Bxc3 10. bxc3 N@g4+ 11. Kg1 P@f2+ 
12. Rxf2 Nxf2 13. Kxf2 Nxf3 14. Qxf3 P@f5 15. B@a4+ Bd7 16. Bxd7+ Qxd7 17. N@h5 
O-O-O 18. P@a6 B@c6 19. axb7+ Bxb7 20. P@a6 Bc6 21. B@b7+ Kb8 22. Bxc6 Qxc6 
23. Rb1+ B@b6+ 24. B@e3 P@c5 25. N@a5 Qd7 26. N@c6+ Kc8 27. Qxf5 Qxc6 28. Nxc6 
exf5 29. Q@b7+ Kd7 30. Nxd8 N@g4+ 31. Kg1 R@h1+ 32. Kxh1 N@f2+ 33. Bxf2 Nxf2+ 
34. Kg1 Q@h1+ 35. Kxf2 c4+ 36. Qxb6 B@h4+ 37. P@g3 cxb6 38. B@c6+ Kxd8 39. R@d7+ 
Kc8 40. R@a8+ N@b8 41. Rxb8+ Kxb8 42. Rb7+ Kc8 43. N@d6+ Kd8 44. Rd7# 
{tantheman checkmated} 1-0

[Event "fics rated crazyhouse match"]
[Site "fics, Oklahoma City, OK USA"]
[Date "2001.02.03"]
[White "tantheman"]
[WhiteElo "2288"]
[Black "JiggaB"]
[BlackElo "2322"]
[TimeControl "60+0"]
[Result "0-1"]

1. e3 d5 2. b3 e6 3. Bb2 Nf6 4. Nf3 Nc6 5. d4 Be7 6. Bd3 
O-O 7. O-O Ne4 8. c4 f5 9. cxd5 exd5 10. Ne5 Nxe5 11. dxe5 N@b4 
12. f3 Nxd3 13. Qxd3 B@a6 14. P@c4 dxc4 15. bxc4 Qxd3 16. fxe4 Bxc4 17. Nc3 
P@e2 18. Nxe2 Qxe2 19. P@f6 Qxg2+ 20. Kxg2 N@h4+ 21. Kh3 Q@g2+ 22. Kxh4 P@g5+ 
23. Kh5 P@g6# 
{tantheman checkmated} 0-1

[Event "fics rated crazyhouse match"]
[Site "fics, Oklahoma City, OK USA"]
[Date "2001.02.03"]
[White "JiggaB"]
[WhiteElo "2329"]
[Black "tantheman"]
[BlackElo "2281"]
[TimeControl "60+0"]
[Result "0-1"]

1. e4 e6 2. Nc3 b6 3. d4 Bb7 4. Be3 Nf6 5. Bd3 Bb4 6. f3 
c5 7. dxc5 bxc5 8. Bf2 P@d4 9. P@d2 dxc3 10. bxc3 N@b2 11. Qe2 Nxd3+ 
12. cxd3 Ba3 13. Nh3 O-O 14. O-O d5 15. exd5 Nxd5 16. P@e4 Nb6 17. Bg3 
N8d7 18. P@c7 Qe8 19. N@d6 Nf6 20. Nxe8 Raxe8 21. Ng5 B@h6 22. Bh4 N@f4 
23. Qf2 Nxd3 24. Nxf7 Rxf7 25. Bxf6 Rxf6 26. N@g4 Nxf2 27. Nxf6+ gxf6 28. Rxf2 
P@e3 29. R@g3+ P@g6 30. P@f7+ Kxf7 31. N@d6+ Ke7 32. Nxe8 exf2+ 33. Kxf2 P@e3+ 
34. Kg1 Q@f2+ 35. Kh1 R@g1+ 36. Rxg1 Qxg1+ 37. Kxg1 B@f2+ 38. Kh1 R@e1+ 39. R@f1 
Rxf1+ 40. Q@g1 Rxg1# 
{JiggaB checkmated} 0-1

[Event "fics rated crazyhouse match"]
[Site "fics, Oklahoma City, OK USA"]
[Date "2001.02.03"]
[White "tantheman"]
[WhiteElo "2290"]
[Black "JiggaB"]
[BlackElo "2320"]
[TimeControl "60+0"]
[Result "1-0"]

1. e3 e6 2. b3 Nc6 3. Bb2 Nf6 4. Nf3 d5 5. d4 Bb4+ 6. c3 
Be7 7. Bd3 b6 8. O-O Bb7 9. Nbd2 O-O 10. Qc2 Qd7 11. Ng5 h6 
12. Bh7+ Kh8 13. Nxf7+ Rxf7 14. P@g6 Rff8 15. Nf3 N@e4 16. Ne5 Nxe5 17. dxe5 
Nxh7 18. gxh7 Kxh7 19. Rad1 P@h3 20. gxh3 N@f3+ 21. Kh1 B@g2+ 22. Kxg2 Nh4+ 
23. Kg1 Bd8 24. N@g3 Bg5 25. N@e1 Qf7 26. P@g2 g6 27. Nxe4 dxe4 28. B@g3 
Nxg2 29. Nxg2 P@f3 30. Ne1 N@e2+ 31. Qxe2 Bxe3 32. Qxe3 P@g2 33. Nc2 gxf1=Q+ 
34. Rxf1 R@g2+ 35. Kh1 a6 36. B@d2 c5 37. Qxh6+ Kg8 38. N@f6+ Qxf6 39. P@h7+ 
Kf7 40. exf6 Ke8 41. Q@e7# 
{JiggaB checkmated} 1-0

[Event "fics rated crazyhouse match"]
[Site "fics, Oklahoma City, OK USA"]
[Date "2001.02.03"]
[White "JiggaB"]
[WhiteElo "2311"]
[Black "tantheman"]
[BlackElo "2299"]
[TimeControl "60+0"]
[Result "1-0"]

1. e4 e6 2. Nc3 d5 3. d4 Bb4 4. exd5 exd5 5. Nf3 Nc6 6. Bb5 
Qe7+ 7. Qe2 Be6 8. P@h6 gxh6 9. Bxc6+ bxc6 10. N@g7+ Kd8 11. Nxe6+ fxe6 
12. B@h4 P@g5 13. Nxg5 hxg5 14. Bcxg5 P@f6 15. Bxf6 Nxf6 16. P@e5 Bxc3+ 17. bxc3 
B@b2 18. Bxf6 Qxf6 19. exf6 Bxc3+ 20. Kf1 B@b4 21. B@e7+ Kc8 22. P@b7+ Kxb7 
23. Q@a6+ Kb8 24. N@d7# 
{tantheman checkmated} 1-0

[Event "fics rated crazyhouse match"]
[Site "fics, Oklahoma City, OK USA"]
[Date "2001.02.03"]
[White "tantheman"]
[WhiteElo "2291"]
[Black "JiggaB"]
[BlackElo "2319"]
[TimeControl "60+0"]
[Result "1-0"]

1. e4 e6 2. Nc3 Nc6 3. Nf3 Nf6 4. d4 Bb4 5. Bd3 d5 6. exd5 
exd5 7. Qe2+ Qe7 8. P@e5 Bxc3+ 9. bxc3 Ne4 10. B@h4 f6 11. exf6 gxf6 
12. P@b2 P@g7 13. Nd2 Nxd2 14. Qxe7+ Nxe7 15. Bxd2 Be6 16. N@f4 Bf7 17. O-O-O 
N@c6 18. Rhe1 O-O-O 19. Bxf6 gxf6 20. P@a6 bxa6 21. Bxa6+ P@b7 22. Bxb7+ Kxb7 
23. Rxe7 B@b6 24. Rxf7 B@d6 25. P@c5 Bxf4 26. Bxf4 N@e2+ 27. Kb1 Nxf4 28. B@b5 
P@a6 29. Bxc6+ Kxc6 30. N@b4+ Kb7 31. B@c6+ Kb8 32. Q@a8# 
{JiggaB checkmated} 1-0

[Event "fics rated crazyhouse match"]
[Site "fics, Oklahoma City, OK USA"]
[Date "2001.02.03"]
[White "JiggaB"]
[WhiteElo "2310"]
[Black "tantheman"]
[BlackElo "2300"]
[TimeControl "60+0"]
[Result "0-1"]

1. d4 e6 2. Nf3 Nc6 3. Nc3 Nf6 4. Bf4 Bb4 5. e3 d6 6. Bb5 
O-O 7. h4 h6 8. h5 Ne4 9. Bxc6 bxc6 10. N@e2 B@a5 11. Qd3 d5 
12. Ne5 Bd7 13. Bxh6 gxh6 14. P@g6 f6 15. Nxd7 Qxd7 16. B@f7+ Rxf7 17. gxf7+ 
Qxf7 18. R@g6+ P@g7 19. Nf4 Bxc3+ 20. bxc3 Bxc3+ 21. Kf1 Bxa1 22. B@e1 B@c4 
23. Qxc4 dxc4 24. B@e2 P@d5 25. f3 N@d2+ 26. Bxd2 Nxd2+ 27. Ke1 Q@c1+ 28. N@d1 
B@g3+ 29. Rxg3 Bc3 30. Kf2 N@e4+ 31. fxe4 Nxe4+ 32. Kf3 P@g4+ 33. Rxg4 Qxd1 
34. B@f2 Qxe2+ 35. Kxe2 R@d2+ 36. Kf3 Rxf2# 
{JiggaB checkmated} 0-1

[Event "fics rated crazyhouse match"]
[Site "fics, Oklahoma City, OK USA"]
[Date "2001.02.03"]
[White "tantheman"]
[WhiteElo "2308"]
[Black "JiggaB"]
[BlackElo "2302"]
[TimeControl "60+0"]
[Result "0-1"]

1. d3 d5 2. Nf3 e6 3. Nc3 Nf6 4. Bg5 Nc6 5. e3 Bb4 6. Be2 
Bxc3+ 7. bxc3 N@g4 8. O-O h6 9. Bh4 O-O 10. B@h3 Nge5 11. d4 Nxf3+ 
12. Bxf3 N@e4 13. N@e5 Bd7 14. Nxd7 Qxd7 15. Bxf6 gxf6 16. Bxe4 dxe4 17. N@g4 
B@g7 18. N@h5 B@h8 19. Nhxf6+ Bxf6 20. Nxh6+ Kh7 21. Qh5 N@g7 22. Qg4 Kxh6 
23. B@f4+ Kh7 24. P@h5 Kg8 25. P@g6 fxg6 26. hxg6 Nf5 27. P@h7+ Kg7 28. Rab1 
N@e7 29. Rxb7 Nxg6 30. P@h5 P@f7 31. hxg6 fxg6 32. N@h5+ Kf7 33. Nxf6 Bxf6 
34. Rxc7 N@e2+ 35. Kh1 Qxc7 36. Bxc7 N@g3+ 37. hxg3 R@g1+ 38. Rxg1 Nfxg3+ 39. fxg3 
Nxg3+ 40. Qxg3 P@d6 41. N@h6+ Kg7 42. h8=Q+ Rxh8 43. N@f7 P@f2 44. R@h7+ Kf8 
45. N@g5 Ke7 
{tantheman forfeits on time} 0-1

[Event "fics rated crazyhouse match"]
[Site "fics, Oklahoma City, OK USA"]
[Date "2001.02.03"]
[White "JiggaB"]
[WhiteElo "2310"]
[Black "tantheman"]
[BlackElo "2300"]
[TimeControl "60+0"]
[Result "0-1"]

1. e4 e6 2. Nc3 b6 3. d4 Bb7 4. Be3 Nf6 5. Bd3 Bb4 6. f3 
c5 7. dxc5 bxc5 8. Bf2 P@d4 9. P@d2 dxc3 10. bxc3 N@b2 11. Qe2 Nxd3+ 
12. cxd3 Ba3 13. N@d6+ Kf8 14. Nxb7 Qb6 15. B@d6+ Ke8 16. Bfxc5 Bxc5 17. Bxc5 
Qxb7 18. P@g5 N@c2+ 19. Kf1 Nh5 20. B@g4 Nf4 21. P@e3 Nxe2 22. Nxe2 Q@b1+ 
23. Rxb1 Qxb1+ 24. Kf2 B@e1+ 25. Kg1 Bg3+ 26. N@c1 B@f2+ 27. Kf1 R@e1# 
{JiggaB checkmated} 0-1

[Event "fics rated crazyhouse match"]
[Site "fics, Oklahoma City, OK USA"]
[Date "2001.02.03"]
[White "tantheman"]
[WhiteElo "2308"]
[Black "JiggaB"]
[BlackElo "2302"]
[TimeControl "60+0"]
[Result "1-0"]

1. e4 e6 2. Nc3 Nc6 3. Nf3 Nf6 4. e5 Nd5 5. d4 d6 6. Bd3 
dxe5 7. dxe5 P@b4 8. Nxd5 Qxd5 9. N@f4 Qd8 10. O-O Be7 11. Nh5 Kf8 
12. P@h6 gxh6 13. Bxh6+ Kg8 14. P@f6 Bc5 15. Bxh7+ Kxh7 16. Qxd8 N@f5 17. Qxh8+ 
Kxh8 18. Bg7+ Kh7 19. R@h6+ Nxh6 20. Q@h8+ Kg6 21. Qxh6+ Kf5 22. N@g3+ Kg4 
23. Qg5# 
{JiggaB checkmated} 1-0